 Dungeon Crawl Stone Soup version 0.29.0-11-gd7f09526c8 (webtiles) character file.

Game seed: 8860020056643487629

10109 Bartlander the Basher (level 11, -2/89 HPs)
             Began as a Gnoll Cinder Acolyte on Sept 6, 2022.
             Was a Follower of Ignis.
             Slain by a white ugly thing (20 damage)
             ... on level 10 of the Dungeon.
             The game lasted 00:59:17 (18396 turns).

Bartlander the Basher (Gnoll Cinder Acolyte)       Turns: 18396, Time: 00:59:17

Health: -2/89      AC: 31    Str: 16    XL:     11   Next: 57%
Magic:  21/21      EV:  6    Int: 16    God:    Ignis [*.....]
Gold:   321        SH:  0    Dex:  7    Spells: 22/24 levels left

rFire   + . .      SeeInvis .   d - +3 flail
rCold   . . .      Faith    .   (no shield)
rNeg    . . .      Spirit   .   x - +0 plate armour
rPois   .          Reflect  .   e - +2 helmet
rElec   .          Harm     .   k - +2 cloak
rCorr   .          Rampage  .   (no gloves)
Will    .....                   i - +0 pair of boots
Stlth   ..........              j - amulet of magic regeneration
HPRegen 0.24/turn               s - +4 ring of protection
MPRegen 0.57/turn               (no ring)

@: fiery-armoured
A: fangs 1, strong nose, distributed training
a: Renounce Religion, Fiery Armour, Foxfire Swarm, Rising Flame


You were on level 10 of the Dungeon.
You worshipped Ignis.
Ignis was aware of your devotion.
You visited 2 branches of the dungeon, and saw 12 of its levels.

You collected 552 gold pieces.
You spent 231 gold pieces at shops.

Inventory:

Hand Weapons
 b - a +0 sling of freezing
 d - a +3 flail (weapon)
Missiles
 v - 25 poisoned darts (quivered)
Armour
 e - a +2 helmet (worn)
 f - a +1 chain mail of cold resistance
 i - a +0 pair of boots (worn)
 k - a +2 cloak (worn)
 x - a +0 plate armour (worn)
Jewellery
 j - an amulet of magic regeneration (around neck)
 s - a +4 ring of protection (left hand)
Wands
 h - a wand of flame (40)
 t - a wand of light (4)
Scrolls
 a - 2 scrolls of teleportation
 l - 2 scrolls of vulnerability
 o - a scroll of amnesia
 p - a scroll of identify
Potions
 c - 2 potions of flight
 g - 3 potions of brilliance
 m - 3 potions of mutation
 n - a potion of magic
 r - 4 potions of ambrosia
 u - a potion of curing {unknown}
 w - a potion of haste {unknown}


   Skills:
 + Level 9.4 Fighting
 + Level 6.6 Short Blades
 + Level 6.6 Long Blades
 + Level 6.6 Axes
 + Level 9.4 Maces & Flails
 + Level 6.6 Polearms
 + Level 6.6 Staves
 + Level 6.6 Ranged Weapons
 + Level 6.6 Throwing
 + Level 6.6 Armour
 + Level 6.6 Dodging
 + Level 6.6 Stealth
 + Level 6.6 Shields
 + Level 6.6 Unarmed Combat
 + Level 7.3 Spellcasting
 + Level 5.5 Conjurations
 + Level 5.5 Hexes
 + Level 5.5 Summonings
 + Level 5.5 Necromancy
 + Level 5.5 Translocations
 + Level 5.5 Transmutations
 + Level 7.9 Fire Magic
 + Level 5.5 Ice Magic
 + Level 5.5 Air Magic
 + Level 5.5 Earth Magic
 + Level 5.5 Poison Magic
 + Level 7.3 Invocations
 + Level 6.6 Evocations


You had 22 spell levels left.
You knew the following spells:

 Your Spells              Type           Power      Damage    Failure   Level
a - Scorch                Fire           62%        2d8       30%         2

Your spell library contained the following spells:

 Spells                   Type           Power      Damage    Failure   Level
 Sandblast                Erth           46%        2d11      47%         1
 Passwall                 Tmut/Erth      19%        N/A       63%         2
 Ozocubu's Armour         Ice            23%        N/A       85%         3
 Stone Arrow              Conj/Erth      46%        3d9       85%         3
 Passage of Golubria      Tloc           23%        N/A       99%         4
 Metabolic Englaciation   Hex/Ice        11%        N/A       100%        5
 Silence                  Hex/Air        11%        N/A       100%        5
 Simulacrum               Ice/Necr       11%        N/A       100%        6
 Lehudib's Crystal Spear  Conj/Erth      11%        10d4      100%        8


Dungeon Overview and Level Annotations

Branches:
Dungeon (11/15)            Temple (1/1) D:6
   Lair: D:8-11         Orc: D:9-12

Altars:
Ashenzari
Cheibriados
Dithmenos
Elyvilon
Fedhas
Gozag
Hepliaklqana
Kikubaaqudgha
Makhleb
Nemelex Xobeh
Okawaru
Qazlal
Ru
Sif Muna
Trog
Uskayaw
Vehumet
Wu Jian
Xom
Yredelemnul
Zin
The Shining One

Shops:
D:1 [(   D:8 [

Annotations:
D:10 3 runed translucent doors, Smoky173's ghost, novice DsMo
D:11 Erolcha


Innate Abilities, Weirdness & Mutations

You have very sharp teeth.
Your uncanny sense of smell can sniff out nearby items.
Your experience applies equally to all skills.


Message History

HP restored.
Things that are here:
a bullfrog corpse; a bullfrog corpse; a black bear skeleton
There is a stone staircase leading down, spattered with blood here.
Unknown command.
You climb downwards.
Level annotation: Erolcha The white ugly thing pecks you.
The white ugly thing freezes you!
A water moccasin comes into view.
The white ugly thing completely misses you.
The water moccasin moves out of view.
There is a stone staircase leading up, spattered with blood here.
Okay, then.
Unknown command.
Aiming: Bolt of Light
Press: ? - help, Shift-Dir - straight line, f - white ugly thing
Aim: a white ugly thing (74% to hit)
The bolt of light hits the white ugly thing!
The white ugly thing is moderately wounded.
The white ugly thing is blinded.
The white ugly thing pecks you. The white ugly thing freezes you!
The water moccasin hisses angrily.
The white ugly thing pecks you. The white ugly thing freezes you!!
* * * LOW HITPOINT WARNING * * *
You climb upwards.
Level annotation: 3 runed translucent doors, Smoky173's ghost, novice DsMo
There is a stone staircase leading down, spattered with blood here.
Okay, then.
Okay, then.
Unknown command.
Okay, then.
Unknown command.
A protective cloak of flame settles atop you.
The white ugly thing pecks you but does no damage.
You hit the white ugly thing but do no damage.
The white ugly thing is lightly wounded.
The white ugly thing pecks you!
* * * LOW HITPOINT WARNING * * *
The white ugly thing freezes you!!
You die...

########## .........##
##############
#######...####............#
#...................#####.#
..#####...####.####.# #.# ###
##.## #.# #.# #.# # #####..##
##.####.#####)#### # #.......#
#..u@†...........####
#.###.#.###..##########..#.....
#.# #.#......# #..#.#### #.#
#.######.##########..#..... #.#
#.# #.............#..###
#.###.# #############.#..#
#.....# #....# # ####..# ###..#
######..# ########..###


You could see a white ugly thing (blind).

Vanquished Creatures
  A two-headed ogre (D:6)
  Maurice (D:7)
  Joseph (D:7)
  2 unseen horrors (D:10)
  2 trolls (D:10)
  A polar bear (shapeshifter) (D:9)
  Prince Ribbit (D:7)
  2 wraiths
  A wyvern (D:8)
  16 yaks
  Grum (D:8)
  A steam dragon (D:5)
  3 acid dragons
  3 orc warriors
  4 ice beasts
  2 black bears (D:10)
  2 ogres (D:6)
  3 wolves (D:8)
  3 centaurs
  2 phantoms
  4 kobold brigands
  6 bullfrogs
  A gnoll sergeant (D:7)
  3 scorpions
  A necrophage (D:8)
  4 wights (D:8)
  6 killer bees (D:10)
  A howler monkey (D:9)
  A crimson imp (D:6)
  4 jellies
  4 gnoll boudas
  2 hounds
  3 orc priests
  An iguana (D:6)
  14 orc wizards
  20 gnolls
  10 adders
  A shadow imp (D:8)
  2 white imps (D:6)
  An ufetubus (D:4)
  A worm (D:4)
  A dart slug (D:4)
  35 orcs
  10 bats
  7 endoplasms
  A giant cockroach (D:1)
  6 goblins
  8 hobgoblins
  5 jackals
  28 kobolds
  3 quokkas
  6 ball pythons
  5 frilled lizards
  4 rats (D:1)
  A bush (D:9)
262 creatures vanquished.

Vanquished Creatures (others)
  21 foxfires (D:6)
  A fungus (D:11)
  22 plants
44 creatures vanquished.

Grand Total: 306 creatures vanquished

Notes
Turn   | Place    | Note
-------+----------+-------------------------------------------
     0 | D:1      | Bartlander the Gnoll Cinder Acolyte began the quest for the
                  | Orb.
     0 | D:1      | Reached XP level 1. HP: 23/23 MP: 4/4
   204 | D:1      | Reached XP level 2. HP: 10/29 MP: 5/5
   454 | D:1      | Found Ugomp's Weapon Shoppe.
   731 | D:1      | Reached XP level 3. HP: 28/35 MP: 7/7
   815 | D:1      | Found Qolofex's Armour Boutique.
  1375 | D:2      | Reached skill level 1 in Invocations
  1458 | D:2      | Found a faded altar of an unknown god.
  1571 | D:2      | Reached skill level 1 in Short Blades
  1571 | D:2      | Reached skill level 1 in Long Blades
  1571 | D:2      | Reached skill level 1 in Axes
  1571 | D:2      | Reached skill level 1 in Polearms
  1571 | D:2      | Reached skill level 1 in Staves
  1571 | D:2      | Reached skill level 1 in Ranged Weapons
  1571 | D:2      | Reached skill level 1 in Throwing
  1571 | D:2      | Reached skill level 1 in Armour
  1571 | D:2      | Reached skill level 1 in Dodging
  1571 | D:2      | Reached skill level 1 in Stealth
  1571 | D:2      | Reached skill level 1 in Shields
  1571 | D:2      | Reached skill level 1 in Unarmed Combat
  1571 | D:2      | Reached skill level 1 in Evocations
  1671 | D:2      | Reached XP level 4. HP: 41/41 MP: 8/8
  2337 | D:3      | Reached skill level 1 in Conjurations
  2337 | D:3      | Reached skill level 1 in Hexes
  2337 | D:3      | Reached skill level 1 in Summonings
  2337 | D:3      | Reached skill level 1 in Necromancy
  2337 | D:3      | Reached skill level 1 in Translocations
  2337 | D:3      | Reached skill level 1 in Transmutations
  2337 | D:3      | Reached skill level 1 in Ice Magic
  2337 | D:3      | Reached skill level 1 in Air Magic
  2337 | D:3      | Reached skill level 1 in Earth Magic
  2337 | D:3      | Reached skill level 1 in Poison Magic
  2695 | D:3      | Noticed a phantom
  2916 | D:3      | Killed a phantom
  2917 | D:3      | Reached XP level 5. HP: 42/47 MP: 9/9
  3374 | D:4      | Reached XP level 6. HP: 41/53 MP: 9/11
  3730 | D:4      | Found an opulent altar of Gozag.
  4296 | D:5      | Entered Level 5 of the Dungeon
  4358 | D:5      | Noticed an ice beast
  4519 | D:5      | Reached XP level 7. HP: 41/60 MP: 12/12
  5518 | D:5      | Noticed a steam dragon
  5978 | D:5      | Reached XP level 8. HP: 63/67 MP: 14/14
  6461 | D:5      | Found a bloodstained altar of Trog.
  6924 | D:5      | Learned a level 2 spell: Scorch
  7235 | D:6      | Noticed a two-headed ogre
  7262 | D:6      | HP: 3/67 [two-headed ogre/+0 giant club (15)]
  7263 | D:6      | Killed a two-headed ogre
  7264 | D:6      | Reached XP level 9. HP: 3/73 MP: 7/16
  7705 | D:6      | Found an ornate altar of the Wu Jian Council.
  7822 | D:6      | Found a staircase to the Ecumenical Temple.
  7834 | Temple   | Entered the Ecumenical Temple
  8091 | D:6      | Reached skill level 5 in Spellcasting
  8622 | D:6      | Found a burning altar of Makhleb.
  9199 | D:1      | Bought a +2 helmet for 231 gold pieces
  9910 | D:7      | Found a sparkling altar of Nemelex Xobeh.
  9920 | D:7      | Found a stormy altar of Qazlal.
 10089 | D:7      | Noticed Joseph
 10093 | D:7      | Noticed Prince Ribbit
 10264 | D:7      | Killed Prince Ribbit
 10265 | D:7      | Reached skill level 5 in Invocations
 10590 | D:8      | Found Vutirph's Antique Armour Shoppe.
 10733 | D:7      | Killed Joseph
 11302 | D:7      | Reached skill level 5 in Short Blades
 11302 | D:7      | Reached skill level 5 in Long Blades
 11302 | D:7      | Reached skill level 5 in Axes
 11302 | D:7      | Reached skill level 5 in Polearms
 11302 | D:7      | Reached skill level 5 in Staves
 11302 | D:7      | Reached skill level 5 in Ranged Weapons
 11302 | D:7      | Reached skill level 5 in Throwing
 11302 | D:7      | Reached skill level 5 in Armour
 11302 | D:7      | Reached skill level 5 in Dodging
 11302 | D:7      | Reached skill level 5 in Stealth
 11302 | D:7      | Reached skill level 5 in Shields
 11302 | D:7      | Reached skill level 5 in Unarmed Combat
 11302 | D:7      | Reached skill level 5 in Evocations
 11302 | D:7      | Reached XP level 10. HP: 71/81 MP: 18/18
 12131 | D:8      | Noticed Grum
 12175 | D:8      | Noticed Maurice
 12202 | D:7      | Killed Maurice
 12655 | D:8      | Found a hazy altar of Hepliaklqana.
 12728 | D:8      | Killed Grum
 13565 | D:8      | Found a hazy altar of Hepliaklqana.
 13591 | D:8      | Found Vutirph's Antique Armour Shoppe.
 14543 | D:9      | Found an iron altar of Okawaru.
 14545 | D:9      | Found a broken altar of Ashenzari.
 14547 | D:9      | Found a basalt altar of Yredelemnul.
 14614 | D:9      | Reached skill level 5 in Conjurations
 14614 | D:9      | Reached skill level 5 in Hexes
 14614 | D:9      | Reached skill level 5 in Summonings
 14614 | D:9      | Reached skill level 5 in Necromancy
 14614 | D:9      | Reached skill level 5 in Translocations
 14614 | D:9      | Reached skill level 5 in Transmutations
 14614 | D:9      | Reached skill level 5 in Ice Magic
 14614 | D:9      | Reached skill level 5 in Air Magic
 14614 | D:9      | Reached skill level 5 in Earth Magic
 14614 | D:9      | Reached skill level 5 in Poison Magic
 14614 | D:9      | Reached XP level 11. HP: 77/89 MP: 21/21
 14829 | D:9      | Found a white marble altar of Elyvilon.
 15218 | D:9      | Found a sacrificial altar of Ru.
 15244 | D:9      | Found a shadowy altar of Dithmenos.
 15686 | D:10     | Entered Level 10 of the Dungeon
 15686 | D:10     | Found a runed translucent gate.
 15686 | D:10     | Found a runed translucent gate.
 15924 | D:10     | Noticed Smoky173's ghost (novice DsMo)
 15967 | D:10     | Found a runed translucent gate.
 18019 | D:11     | Noticed Erolcha
 18043 | D:11     | Noticed a white ugly thing
 18396 | D:10     | Slain by a white ugly thing

Illustrated notes

Levels and vault maps discovered:
D:1:      co_arrival_random_square_maze, layout_basic, serial_shops,
          nicolae_shop_temple_entry_statues_fountains, nicolae_diamond_shop,
          skrybe_limestone_x
D:2:      layout_basic, hellmonk_ecumenical_altar_leap_of_faith,
          grunt_ministairs_4
D:3:      layout_rooms, hangedman_decor_growths
D:4:      cheibrodos_old_hovel, layout_basic, lemuel_tele_altar,
          nicolae_eternal_life, minmay_diced_spiral
D:5:      layout_layer_cave, trog_hazing_becter, grunt_ministairs_9,
          minmay_misc_feat_hallway, minmay_misc_feat_x
D:6:      layout_loops_corners, makhleb_grotto_becter, nzn_wu_jian_council_hall,
          minmay_temple_entry_gardened_gates, chequers_jeans
D:7:      layout_basic, mainiacjoe_overflow_big_doors, nicolae_water_bricks,
          uniq_joseph, uniq_prince_ribbit1
D:8:      layout_basic, nicolae_hepliaklqana_hazy_memory, serial_shops,
          kennysheep_mini, uniq_maurice, uniq_grum
D:9:      layout_cave_pods, nicolae_overflow_crystal_walls,
          gammafunk_temple_overflow_forgotten, mainiacjoe_overflow_two_lobes
D:10:     layout_loops_ring, biasface_ghost_orc_armoury, kennysheep_donut,
          kennysheep_generic_room_5
D:11:     lemuel_insect_pit, layout_rooms, due_lair_maze_entry_diamond,
          hiddenorc1_lemuel, serial_glass, glass_columns_a, glass_columns_c,
          feat_on_display, minmay_strange_pillars,
          nrook_guardian_serpent_ordinary, uniq_erolcha, uniq_fannar
Temple:   jpeg_temple_island

Skill      XL: |  1  2  3  4  5  6  7  8  9 10 11 |
---------------+----------------------------------+-----
Invocations    | 1 2 3 4 5 6 7 |  7.3
Short Blades   | 1 2 3 5 6 |  6.6
Long Blades    | 1 2 3 5 6 |  6.6
Axes           | 1 2 3 5 6 |  6.6
Polearms       | 1 2 3 5 6 |  6.6
Staves         | 1 2 3 5 6 |  6.6
Ranged Weapons | 1 2 3 5 6 |  6.6
Throwing       | 1 2 3 5 6 |  6.6
Armour         | 1 2 3 5 6 |  6.6
Dodging        | 1 2 3 5 6 |  6.6
Stealth        | 1 2 3 5 6 |  6.6
Shields        | 1 2 3 5 6 |  6.6
Unarmed Combat | 1 2 3 5 6 |  6.6
Evocations     | 1 2 3 5 6 |  6.6
Spellcasting   | 3 4 5 6 7 |  7.3
Conjurations   | 1 2 3 4 5 |  5.5
Hexes          | 1 2 3 4 5 |  5.5
Summonings     | 1 2 3 4 5 |  5.5
Necromancy     | 1 2 3 4 5 |  5.5
Translocations | 1 2 3 4 5 |  5.5
Transmutations | 1 2 3 4 5 |  5.5
Ice Magic      | 1 2 3 4 5 |  5.5
Air Magic      | 1 2 3 4 5 |  5.5
Earth Magic    | 1 2 3 4 5 |  5.5
Poison Magic   | 1 2 3 4 5 |  5.5
Fighting       | 7 8 9 |  9.4
Maces & Flails | 7 8 9 |  9.4
Fire Magic     | 6 7 |  7.9

Action                   |  1- 3 |  4- 6 |  7- 9 | 10-12 || total
-------------------------+-------+-------+-------+-------++-------
Melee: Mace              |   127 |   124 |       |       ||   251
       Bite              |     8 |    18 |    29 |    55 ||   110
       Punch             |     2 |     1 |     6 |    26 ||    35
       War axe           |       |    18 |       |       ||    18
       Flail             |       |     7 |   331 |   511 ||   849
 Fire: Sling             |       |    10 |     1 |       ||    11
Throw: Dart              |       |     5 |    14 |    22 ||    41
       Throwing net      |       |       |     2 |       ||     2
 Cast: Scorch            |       |       |    36 |    55 ||    91
Invok: Fiery Armour      |       |     2 |     4 |     4 ||    10
       Foxfire Swarm     |       |       |     1 |       ||     1
Evoke: Wand              |       |       |     6 |    19 ||    25
  Use: Scroll            |     1 |     6 |     5 |    10 ||    22
       Potion            |       |       |     3 |     4 ||     7
 Stab: Invisible         |       |       |     1 |       ||     1
Armor: Robe              |    10 |       |       |       ||    10
       Ring mail         |    41 |    13 |       |       ||    54
       Chain mail        |       |    89 |   216 |   369 ||   674
       Plate armour      |       |       |       |    68 ||    68
Dodge: Dodged            |    80 |    44 |   120 |   190 ||   434
